Quebec Nordiques vs Vegas Golden Knights
Created - Tuesday, October 1, 2024 at 10:05
Goals
|
| Quebec Nordiques |
2 |
0 |
0 |
2 |
| Vegas Golden Knights |
2 |
2 |
1 |
5 |
|
Shots
|
| Quebec Nordiques |
18 |
5 |
9 |
32 |
| Vegas Golden Knights |
6 |
18 |
13 |
37 |
|
1st period
1. Vegas Golden Knights , Trevor Lewis 2 (Pierre-edouard Bellemare 7, Marc-Edouard Vlasic 4) at 1:14
2. Quebec Nordiques , Shane Pinto 11 (Anthony Duclair 16, J.J. Moser 10) at 5:42 (PP)
3. Quebec Nordiques , Anthony Duclair 8 (Shane Pinto 16, Evander Kane 14) at 13:31 (PP)
4. Vegas Golden Knights , Sean Couturier 12 (Sean Monahan 17, John Marino 9) at 17:32
Penalties :
Travis Hamonic (VGK) for Roughing (Minor) at 4:06, Justin Holl (QUE) for Tripping (Minor) at 6:04, Jordan Staal (VGK) for Holding Stick (Minor) at 13:15
2nd period
5. Vegas Golden Knights , Roman Josi 6 (Ryan Graves 3) at 10:45
6. Vegas Golden Knights , Sean Couturier 13 (Cody Glass 13) at 14:39
Penalties :
Michael Anderson (QUE) for Hooking (Minor) at 0:54
3rd period
7. Vegas Golden Knights , Thomas Chabot 5 (Marc-Edouard Vlasic 5) at 5:37
Penalties :
J.J. Moser (QUE) for Interference (Minor) at 18:53
Goalie Stats
John Gibson (QUE), 32 saves from 37 shots - (0.865), L, 2-9-4, 60:00 minutes
Cayden Primeau (VGK), 30 saves from 32 shots - (0.938), W, 13-3-3, 60:00 minutes
Players Stats for Quebec Nordiques
Player Name G A P +/- PIM S H SB GA TA FO MP PP MP PK MP
------------------------------------------------------------------------------------
Anthony Duclair 1 1 2 -3 0 8 1 0 1 0 2/3 16:18 0:32 0:00
Barrett Hayton 0 0 0 -1 0 1 0 0 0 0 0/4 12:41 0:00 0:17
Cole Perfetti 0 0 0 0 0 2 4 0 0 0 0/1 16:29 1:20 0:00
Eetu Luostarinen 0 0 0 -1 0 0 1 0 0 0 0/0 14:50 0:00 2:29
Evander Kane 0 1 1 -3 0 1 3 1 1 1 0/0 16:18 0:32 0:00
J.J. Moser 0 1 1 -2 2 2 1 2 0 0 0/0 23:45 1:36 1:55
Jonas Siegenthaler 0 0 0 -2 0 1 0 3 0 1 0/0 19:24 0:16 2:27
Jordan Greenway 0 0 0 -1 0 3 1 2 3 0 0/0 12:03 0:00 2:18
Justin Holl 0 0 0 -1 2 2 1 1 0 0 0/0 16:39 0:00 0:29
Juuso Valimaki 0 0 0 -2 0 1 1 0 0 0 0/0 19:22 1:36 1:14
Kirby Dach 0 0 0 -1 0 0 1 0 0 0 0/1 12:21 0:00 0:00
Marc Staal 0 0 0 -1 0 0 1 2 0 0 0/0 18:44 0:00 2:27
Marco Rossi 0 0 0 0 0 1 2 1 1 1 7/18 16:29 1:20 0:00
Michael Anderson 0 0 0 -2 2 0 0 0 0 0 0/0 22:06 0:16 1:36
Michael McCarron 0 0 0 -1 0 0 0 0 0 0 3/6 12:14 0:00 2:29
Ryan Poehling 0 0 0 -1 0 1 1 0 2 1 1/2 12:03 0:00 2:18
Shane Pinto 1 1 2 -3 0 5 2 0 0 1 5/15 16:18 0:32 0:00
Trevor Zegras 0 0 0 0 0 4 2 1 0 0 0/0 16:49 1:20 0:17
Players Stats for Vegas Golden Knights
Player Name G A P +/- PIM S H SB GA TA FO MP PP MP PK MP
------------------------------------------------------------------------------------
Cody Glass 0 1 1 2 0 1 2 0 0 2 0/0 12:39 0:00 0:00
Conor Sheary 0 0 0 0 0 1 0 1 1 1 1/1 15:26 0:00 0:00
Curtis Lazar 0 0 0 3 0 0 0 1 0 1 0/0 10:37 0:00 0:59
Danton Heinen 0 0 0 2 0 1 1 1 0 0 0/0 12:39 0:00 0:00
John Marino 0 1 1 3 0 0 0 1 0 1 0/0 16:18 0:00 0:00
Jordan Staal 0 0 0 0 2 2 2 1 0 0 9/15 18:48 2:30 0:53
Marc-Edouard Vlasic 0 2 2 1 0 3 2 0 0 0 0/0 22:01 2:37 0:56
Pierre-edouard Bellemare 0 1 1 3 0 3 0 0 0 0 1/3 10:37 0:00 0:59
Reilly Smith 0 0 0 0 0 4 0 0 1 0 0/0 17:56 2:30 0:00
Roman Josi 1 0 1 1 0 4 3 1 1 0 0/0 21:41 2:27 0:56
Ryan Graves 0 1 1 1 0 0 0 1 0 0 0/0 21:41 2:27 0:56
Sean Couturier 2 0 2 2 0 5 1 0 0 0 8/11 14:54 2:30 0:00
Sean Monahan 0 1 1 0 0 2 2 0 0 0 13/17 17:55 2:34 0:00
Thomas Chabot 1 0 1 1 0 5 0 0 0 0 0/0 22:01 2:37 0:56
Travis Hamonic 0 0 0 3 2 1 1 0 0 1 0/0 16:17 0:00 0:00
Trevor Lewis 1 0 1 3 0 2 3 1 1 0 0/1 10:46 0:00 0:53
Tyler Bertuzzi 0 0 0 0 0 0 2 0 0 1 0/1 17:55 2:34 0:00
Tyler Toffoli 0 0 0 0 0 3 3 0 1 1 0/1 17:55 2:34 0:00
3 Stars
1 - Sean Couturier (VGK)
2 - Trevor Lewis (VGK)
3 - Roman Josi (VGK)
Power Play
Quebec Nordiques - 2 on 2 Attempt(s) - 100.00%
Vegas Golden Knights - 0 on 3 Attempt(s) - 0.00%
Penalty Kill
Quebec Nordiques - 3 on 3 Attempt(s) - 100.00%
- Score 0 goal in Penalty Kill
Vegas Golden Knights - 0 on 2 Attempt(s) - 0.00%
- Score 0 goal in Penalty Kill
Team Stat
Quebec Nordiques - Hits : 22 - Faceoff Wins : 18 - Blocked Shots : 13 - Penalty Minutes : 6
Vegas Golden Knights - Hits : 22 - Faceoff Wins : 32 - Blocked Shots : 8 - Penalty Minutes : 4
Official
Referees : Carter Sandlak and Kevin Pollock
Linesman : Brandon Gawryletz and Jonathan Deschamps
Game Notes
No Game Note
Finance
Level 1 -- Attendance: 5305 (88.42%) -- Ticket Income $503,975
Level 2 -- Attendance: 4548 (90.96%) -- Ticket Income $250,140
Level 3 -- Attendance: 3000 (100.00%) -- Ticket Income $90,000
Level 4 -- Attendance: 4945 (98.90%) -- Ticket Income $98,900
Luxury Box -- Attendance: 926 (92.60%) -- Ticket Income $175,940
Game was played at the T-Mobile Arena.
Total Attendance: 18724 (93.62%)
Total Ticket Income: $1,118,955
Other Income: $391,634
Total Income: $1,510,589
Quebec Nordiques
5 vs 5 Forward
Center Left Wing Right Wing Time % Phy DF OF
1 Shane Pinto Evander Kane Anthony Duclair 30 1 1 3
2 Marco Rossi Trevor Zegras Cole Perfetti 30 1 1 3
3 Barrett Hayton Eetu Luostarinen Kirby Dach 25 1 1 3
4 Michael McCarron Ryan Poehling Jordan Greenway 15 1 3 1
5 vs 5 Defense
Defense Defense Time % Phy DF OF
1 J.J. Moser Michael Anderson 30 1 3 1
2 Jonas Siegenthaler Juuso Valimaki 30 1 3 1
3 Marc Staal Justin Holl 30 1 3 1
4 J.J. Moser Michael Anderson 10 1 3 1
PowerPlay Forward
Center Left Wing Right Wing Time % Phy DF OF
1 Shane Pinto Evander Kane Anthony Duclair 50 1 0 4
2 Marco Rossi Trevor Zegras Cole Perfetti 50 1 0 4
PowerPlay Defense
Defense Defense Time % Phy DF OF
1 J.J. Moser Juuso Valimaki 50 1 3 1
2 Michael Anderson Jonas Siegenthaler 50 1 3 1
Penalty Kill 4 Players Forward
Center Wing Time % Phy DF OF
1 Ryan Poehling Jordan Greenway 50 1 2 2
2 Michael McCarron Eetu Luostarinen 50 1 2 2
Penalty Kill 4 Players Defense
Defense Defense Time % Phy DF OF
1 J.J. Moser Michael Anderson 50 1 2 2
2 Jonas Siegenthaler Marc Staal 50 1 2 2
Penalty Kill - 3 Players Forward
Forward Time % Phy DF OF
1 Michael McCarron 50 1 2 2
2 Ryan Poehling 50 1 2 2
Penalty Kill - 3 Players Defense
Defense Defense Time % Phy DF OF
1 J.J. Moser Michael Anderson 50 1 2 2
2 Jonas Siegenthaler Juuso Valimaki 50 1 2 2
4 vs 4 Forward
Center Wing Time % Phy DF OF
1 Shane Pinto Trevor Zegras 50 1 2 2
2 Marco Rossi Cole Perfetti 50 1 2 2
4 vs 4 Defense
Defense Defense Time % Phy DF OF
1 J.J. Moser Michael Anderson 50 1 2 2
2 Jonas Siegenthaler Juuso Valimaki 50 1 2 2
Last Minutes Offensive
Center Left Wing Right Wing Defense Defense
Shane Pinto Evander Kane Anthony Duclair J.J. Moser Michael Anderson
Last Minutes Defensive
Center Left Wing Right Wing Defense Defense
Ryan Poehling Eetu Luostarinen Jordan Greenway J.J. Moser Michael Anderson
Goaltenders
Starting : John Gibson
Backup : Lukas Dostal
Extra Forwards
Normal : Marco Rossi, Kirby Dach, Barrett Hayton - PP : Marco Rossi, Kirby Dach - PK : Barrett Hayton
Extra Defensemen
Normal : Justin Holl, Marc Staal, J.J. Moser - PP : Justin Holl - PK : Juuso Valimaki, Justin Holl
Penalty Shots
Trevor Zegras, Kirby Dach, Anthony Duclair, Barrett Hayton, Evander Kane
Scratches
Alexander Alexeyev (Healthy), Connor Brown (Healthy)
Vegas Golden Knights
5 vs 5 Forward
Center Left Wing Right Wing Time % Phy DF OF
1 Sean Monahan Tyler Toffoli Tyler Bertuzzi 30 1 2 2
2 Jordan Staal Conor Sheary Reilly Smith 30 1 2 2
3 Sean Couturier Cody Glass Danton Heinen 25 1 2 2
4 Pierre-edouard Bellemare Curtis Lazar Trevor Lewis 15 1 2 2
5 vs 5 Defense
Defense Defense Time % Phy DF OF
1 Roman Josi Ryan Graves 35 1 2 2
2 Marc-Edouard Vlasic Thomas Chabot 35 1 2 2
3 John Marino Travis Hamonic 30 1 2 2
4 Roman Josi Ryan Graves 0 1 2 2
PowerPlay Forward
Center Left Wing Right Wing Time % Phy DF OF
1 Sean Monahan Tyler Toffoli Tyler Bertuzzi 50 1 2 2
2 Sean Couturier Jordan Staal Reilly Smith 50 1 2 2
PowerPlay Defense
Defense Defense Time % Phy DF OF
1 Roman Josi Ryan Graves 50 1 2 2
2 Marc-Edouard Vlasic Thomas Chabot 50 1 2 2
Penalty Kill 4 Players Forward
Center Wing Time % Phy DF OF
1 Jordan Staal Trevor Lewis 50 1 2 2
2 Pierre-edouard Bellemare Curtis Lazar 50 1 2 2
Penalty Kill 4 Players Defense
Defense Defense Time % Phy DF OF
1 Roman Josi Ryan Graves 50 1 2 2
2 Marc-Edouard Vlasic Thomas Chabot 50 1 2 2
Penalty Kill - 3 Players Forward
Forward Time % Phy DF OF
1 Jordan Staal 50 1 2 2
2 Pierre-edouard Bellemare 50 1 2 2
Penalty Kill - 3 Players Defense
Defense Defense Time % Phy DF OF
1 Roman Josi Ryan Graves 50 1 2 2
2 Marc-Edouard Vlasic Thomas Chabot 50 1 2 2
4 vs 4 Forward
Center Wing Time % Phy DF OF
1 Sean Monahan Tyler Toffoli 50 1 2 2
2 Sean Couturier Reilly Smith 50 1 2 2
4 vs 4 Defense
Defense Defense Time % Phy DF OF
1 Roman Josi Ryan Graves 50 1 2 2
2 Marc-Edouard Vlasic Thomas Chabot 50 1 2 2
Last Minutes Offensive
Center Left Wing Right Wing Defense Defense
Sean Monahan Tyler Toffoli Reilly Smith Roman Josi Ryan Graves
Last Minutes Defensive
Center Left Wing Right Wing Defense Defense
Sean Monahan Tyler Toffoli Reilly Smith Roman Josi Ryan Graves
Goaltenders
Starting : Cayden Primeau
Backup : Alexandar Georgiev
Extra Forwards
Normal : Danton Heinen, Trevor Lewis, Curtis Lazar - PP : Danton Heinen, Trevor Lewis - PK : Curtis Lazar
Extra Defensemen
Normal : John Marino, Travis Hamonic, Marc-Edouard Vlasic - PP : John Marino - PK : Travis Hamonic, Marc-Edouard Vlasic
Penalty Shots
Sean Monahan, Tyler Toffoli, Sean Couturier, Reilly Smith, Jordan Staal
Scratches
Zachary Jones (Healthy), Maxime Comtois (Healthy), Shea Theodore (Healthy), Zachary L'Heureux (Healthy), Nathan Gaucher (Healthy)
% Time on Ice - Quebec Nordiques
Lines # - Real PCT - Wanted PCT - Time Play
Normal Forward
1 - 30% - 30% - 15:46
2 - 29% - 30% - 15:12
3 - 23% - 25% - 12:21
4 - 18% - 15% - 9:45
Normal Defense
1 - 30% - 30% - 15:59
2 - 31% - 30% - 16:41
3 - 30% - 30% - 16:08
4 - 8% - 10% - 4:16
PP Forward
1 - 29% - 50% - 0:32
2 - 71% - 50% - 1:20
PP Defense
1 - 86% - 50% - 1:36
2 - 14% - 50% - 0:16
PK Forward
1 - 50% - 50% - 2:31
2 - 50% - 50% - 2:33
PK Defense
1 - 52% - 50% - 2:37
2 - 48% - 50% - 2:27
PK3 Forward
1 - 0% - 50%
2 - 0% - 50%
PK3 Defense
1 - 0% - 50%
2 - 0% - 50%
44 Forward
1 - 0% - 50%
2 - 0% - 50%
44 Defense
1 - 0% - 50%
2 - 0% - 50%
Last Minute Offensive - 0:00
Last Minute Defensive - 0:00
Total
Forward - 60:00
Defense - 60:00
|
% Time on Ice - Vegas Golden Knights
Lines # - Real PCT - Wanted PCT - Time Play
Normal Forward
1 - 29% - 30% - 15:21
2 - 29% - 30% - 15:26
3 - 24% - 25% - 12:39
4 - 18% - 15% - 9:38
Normal Defense
1 - 34% - 35% - 18:18
2 - 35% - 35% - 18:28
3 - 31% - 30% - 16:18
4 - 0% - 0% - 0:00
PP Forward
1 - 51% - 50% - 2:34
2 - 49% - 50% - 2:30
PP Defense
1 - 48% - 50% - 2:27
2 - 52% - 50% - 2:37
PK Forward
1 - 47% - 50% - 0:53
2 - 53% - 50% - 0:59
PK Defense
1 - 50% - 50% - 0:56
2 - 50% - 50% - 0:56
PK3 Forward
1 - 0% - 50%
2 - 0% - 50%
PK3 Defense
1 - 0% - 50%
2 - 0% - 50%
44 Forward
1 - 0% - 50%
2 - 0% - 50%
44 Defense
1 - 0% - 50%
2 - 0% - 50%
Last Minute Offensive - 0:00
Last Minute Defensive - 0:00
Total
Forward - 60:00
Defense - 60:00
|
Play-by-Play
1st period
0:01 of 1st period - Shane Pinto wins face-off versus Tyler Toffoli in neutral zone.
0:04 of 1st period - Snap shot by Anthony Duclair.
0:04 of 1st period - Stopped by Cayden Primeau without a rebound.
0:05 of 1st period - Sean Monahan wins face-off versus Shane Pinto in Vegas Golden Knights zone.
1:14 of 1st period - Wrist shot by Trevor Lewis.
1:14 of 1st period - Goal by Trevor Lewis - Quebec Nordiques : 0 - Vegas Golden Knights : 1.
1:15 of 1st period - Michael McCarron wins face-off versus Trevor Lewis in neutral zone.
1:20 of 1st period - Snap shot by Jordan Greenway.
1:20 of 1st period - Stopped by Cayden Primeau without a rebound.
1:21 of 1st period - Pierre-edouard Bellemare wins face-off versus Michael McCarron in Vegas Golden Knights zone.
1:59 of 1st period - Icing by Jordan Greenway.
2:00 of 1st period - Michael McCarron wins face-off versus Jordan Staal in Quebec Nordiques zone.
2:31 of 1st period - Snap shot by Anthony Duclair.
2:31 of 1st period - Stopped by Cayden Primeau with a rebound.
2:33 of 1st period - Slapshot by Juuso Valimaki.
2:33 of 1st period - Stopped by Cayden Primeau with a rebound.
2:35 of 1st period - Slapshot by Jonas Siegenthaler.
2:35 of 1st period - Stopped by Cayden Primeau with a rebound.
2:49 of 1st period - Snap shot by Eetu Luostarinen.
2:49 of 1st period - Shot Misses the Net.
3:29 of 1st period - Snap shot by Reilly Smith.
3:29 of 1st period - Shot Misses the Net.
3:31 of 1st period - Slapshot by Ryan Graves.
3:31 of 1st period - Shot Blocked by Marc Staal.
3:35 of 1st period - Snap shot by Reilly Smith.
3:35 of 1st period - Stopped by John Gibson with a rebound.
4:06 of 1st period - Minor Penalty to Travis Hamonic for Roughing.
4:07 of 1st period - Marco Rossi wins face-off versus Jordan Staal in Vegas Golden Knights zone.
4:15 of 1st period - Wrist shot by Marco Rossi.
4:15 of 1st period - Shot Misses the Net.
4:35 of 1st period - Slapshot by Thomas Chabot.
4:35 of 1st period - Shot Blocked by Marco Rossi.
4:45 of 1st period - Snap shot by Cole Perfetti.
4:45 of 1st period - Shot Misses the Net.
5:05 of 1st period - Slapshot by Trevor Zegras.
5:05 of 1st period - Stopped by Cayden Primeau with a rebound.
5:19 of 1st period - Curtis Lazar is hit by Marco Rossi and loses puck.
5:40 of 1st period - Slapshot by Shane Pinto.
5:40 of 1st period - Shot Misses the Net.
5:42 of 1st period - Snap shot by Shane Pinto.
5:42 of 1st period - Goal by Shane Pinto - Quebec Nordiques : 1 - Vegas Golden Knights : 1.
5:43 of 1st period - Sean Couturier wins face-off versus Barrett Hayton in neutral zone.
5:52 of 1st period - Slapshot by Sean Couturier.
5:52 of 1st period - Shot Misses the Net.
6:04 of 1st period - Minor Penalty to Justin Holl for Tripping.
6:05 of 1st period - Sean Monahan wins face-off versus Ryan Poehling in Quebec Nordiques zone.
6:21 of 1st period - Wrist shot by Sean Monahan.
6:21 of 1st period - Shot Blocked by Jonas Siegenthaler.
6:31 of 1st period - Jonas Siegenthaler is hit by Jordan Staal and loses puck.
8:04 of 1st period - Penalty to Justin Holl is over, Justin Holl is back on ice.
8:31 of 1st period - Travis Hamonic is hit by Cole Perfetti and loses puck.
9:24 of 1st period - Marc-Edouard Vlasic is hit by Jordan Greenway.
9:28 of 1st period - Slapshot by Michael McCarron.
9:28 of 1st period - Shot Misses the Net.
9:40 of 1st period - Slapshot by Pierre-edouard Bellemare.
9:40 of 1st period - Stopped by John Gibson with a rebound.
9:54 of 1st period - Off-side.
9:55 of 1st period - Sean Monahan wins face-off versus Barrett Hayton in neutral zone.
10:19 of 1st period - Off-side.
10:20 of 1st period - Sean Couturier wins face-off versus Marco Rossi in neutral zone.
10:35 of 1st period - Snap shot by Cole Perfetti.
10:35 of 1st period - Deflect By Danton Heinen.
10:35 of 1st period - Stopped by Cayden Primeau without a rebound.
10:36 of 1st period - Jordan Staal wins face-off versus Shane Pinto in Vegas Golden Knights zone.
10:43 of 1st period - Jordan Staal is hit by Evander Kane and loses puck.
11:08 of 1st period - Slapshot by Sean Monahan.
11:08 of 1st period - Shot Blocked by Jonas Siegenthaler.
12:17 of 1st period - Wrist shot by Anthony Duclair.
12:17 of 1st period - Stopped by Cayden Primeau without a rebound.
12:18 of 1st period - Marco Rossi wins face-off versus Sean Monahan in Vegas Golden Knights zone.
12:19 of 1st period - Snap shot by Cole Perfetti.
12:19 of 1st period - Stopped by Cayden Primeau without a rebound.
12:20 of 1st period - Sean Monahan wins face-off versus Marco Rossi in Vegas Golden Knights zone.
12:53 of 1st period - Slapshot by Anthony Duclair.
12:53 of 1st period - Stopped by Cayden Primeau without a rebound.
12:54 of 1st period - Marco Rossi wins face-off versus Jordan Staal in Vegas Golden Knights zone.
13:09 of 1st period - Wrist shot by Trevor Zegras.
13:09 of 1st period - Shot Misses the Net.
13:15 of 1st period - Minor Penalty to Jordan Staal for Holding Stick.
13:16 of 1st period - Shane Pinto wins face-off versus Pierre-edouard Bellemare in Vegas Golden Knights zone.
13:31 of 1st period - Wrist shot by Anthony Duclair.
13:31 of 1st period - Goal by Anthony Duclair - Quebec Nordiques : 2 - Vegas Golden Knights : 1.
13:32 of 1st period - Jordan Staal wins face-off versus Kirby Dach in neutral zone.
13:58 of 1st period - Wrist shot by Shane Pinto.
13:58 of 1st period - Stopped by Cayden Primeau with a rebound.
14:02 of 1st period - Wrist shot by Anthony Duclair.
14:02 of 1st period - Shot Misses the Net.
14:04 of 1st period - Slapshot by Justin Holl.
14:04 of 1st period - Shot Misses the Net.
14:08 of 1st period - Snap shot by Evander Kane.
14:08 of 1st period - Stopped by Cayden Primeau with a rebound.
15:11 of 1st period - Snap shot by Pierre-edouard Bellemare.
15:11 of 1st period - Deflect By Eetu Luostarinen.
15:11 of 1st period - Shot Blocked by Jonas Siegenthaler.
15:11 of 1st period - Puck is out of play.
15:12 of 1st period - Shane Pinto wins face-off versus Sean Monahan in Quebec Nordiques zone.
15:30 of 1st period - Michael Anderson is hit by Tyler Toffoli and loses puck.
16:05 of 1st period - Snap shot by Trevor Zegras.
16:05 of 1st period - Stopped by Cayden Primeau with a rebound.
16:07 of 1st period - Slapshot by J.J. Moser.
16:07 of 1st period - Stopped by Cayden Primeau with a rebound.
16:09 of 1st period - Slapshot by J.J. Moser.
16:09 of 1st period - Deflect By Sean Couturier.
16:09 of 1st period - Stopped by Cayden Primeau with a rebound.
16:11 of 1st period - Slapshot by Eetu Luostarinen.
16:11 of 1st period - Shot Blocked by Danton Heinen.
16:13 of 1st period - Snap shot by Barrett Hayton.
16:13 of 1st period - Shot Misses the Net.
16:27 of 1st period - Snap shot by Pierre-edouard Bellemare.
16:27 of 1st period - Stopped by John Gibson with a rebound.
16:40 of 1st period - Wrist shot by Michael McCarron.
16:40 of 1st period - Shot Misses the Net.
16:52 of 1st period - Slapshot by Reilly Smith.
16:52 of 1st period - Stopped by John Gibson with a rebound.
17:08 of 1st period - Tyler Toffoli is hit by Cole Perfetti and loses puck.
17:32 of 1st period - Snap shot by Sean Couturier.
17:32 of 1st period - Goal by Sean Couturier - Quebec Nordiques : 2 - Vegas Golden Knights : 2.
17:33 of 1st period - Shane Pinto wins face-off versus Jordan Staal in neutral zone.
17:46 of 1st period - Slapshot by Anthony Duclair.
17:46 of 1st period - Stopped by Cayden Primeau without a rebound.
17:47 of 1st period - Sean Monahan wins face-off versus Marco Rossi in Vegas Golden Knights zone.
19:55 of 1st period - Cody Glass is hit by Shane Pinto and loses puck.
Goals for this period are 2 for Quebec Nordiques vs 2 for Vegas Golden Knights.
Shots for this period are 18 for Quebec Nordiques vs 6 for Vegas Golden Knights.
2nd period
0:01 of 2nd period - Sean Monahan wins face-off versus Marco Rossi in neutral zone.
0:06 of 2nd period - Snap shot by Sean Monahan.
0:06 of 2nd period - Shot Blocked by Trevor Zegras.
0:08 of 2nd period - Slapshot by Thomas Chabot.
0:08 of 2nd period - Deflect By Trevor Zegras.
0:08 of 2nd period - Stopped by John Gibson with a rebound.
0:10 of 2nd period - Slapshot by Thomas Chabot.
0:10 of 2nd period - Shot Misses the Net.
0:12 of 2nd period - Slapshot by Thomas Chabot.
0:12 of 2nd period - Shot Blocked by J.J. Moser.
0:14 of 2nd period - Slapshot by Marc-Edouard Vlasic.
0:14 of 2nd period - Shot Misses the Net.
0:16 of 2nd period - Wrist shot by Marc-Edouard Vlasic.
0:16 of 2nd period - Stopped by John Gibson with a rebound.
0:26 of 2nd period - Thomas Chabot is hit by Evander Kane and loses puck.
0:39 of 2nd period - Wrist shot by Anthony Duclair.
0:39 of 2nd period - Shot Misses the Net.
0:54 of 2nd period - Minor Penalty to Michael Anderson for Hooking.
0:55 of 2nd period - Ryan Poehling wins face-off versus Sean Monahan in Quebec Nordiques zone.
1:21 of 2nd period - Eetu Luostarinen is hit by Jordan Staal and loses puck.
2:54 of 2nd period - Penalty to Michael Anderson is over, Michael Anderson is back on ice.
3:17 of 2nd period - Curtis Lazar is hit by Juuso Valimaki and loses puck.
3:32 of 2nd period - Jonas Siegenthaler is hit by Trevor Lewis.
3:46 of 2nd period - Snap shot by Anthony Duclair.
3:46 of 2nd period - Stopped by Cayden Primeau with a rebound.
3:48 of 2nd period - Slapshot by Shane Pinto.
3:48 of 2nd period - Stopped by Cayden Primeau without a rebound.
3:49 of 2nd period - Jordan Staal wins face-off versus Marco Rossi in Vegas Golden Knights zone.
4:57 of 2nd period - Ryan Graves is hit by Cole Perfetti and loses puck.
6:01 of 2nd period - Juuso Valimaki is hit by Tyler Bertuzzi and loses puck.
6:13 of 2nd period - John Marino is hit by Marco Rossi and loses puck.
6:32 of 2nd period - Slapshot by Danton Heinen.
6:32 of 2nd period - Stopped by John Gibson with a rebound.
6:34 of 2nd period - Slapshot by Cody Glass.
6:34 of 2nd period - Shot Misses the Net.
6:36 of 2nd period - Slapshot by Roman Josi.
6:36 of 2nd period - Shot Misses the Net.
6:38 of 2nd period - Snap shot by Roman Josi.
6:38 of 2nd period - Stopped by John Gibson with a rebound.
7:02 of 2nd period - Eetu Luostarinen is hit by Trevor Lewis and loses puck.
7:33 of 2nd period - Cody Glass is hit by Anthony Duclair and loses puck.
7:39 of 2nd period - Icing by Travis Hamonic.
7:40 of 2nd period - Sean Couturier wins face-off versus Marco Rossi in Vegas Golden Knights zone.
8:03 of 2nd period - Snap shot by Sean Couturier.
8:03 of 2nd period - Shot Blocked by J.J. Moser.
8:05 of 2nd period - Backhand shot by Travis Hamonic.
8:05 of 2nd period - Stopped by John Gibson without a rebound.
8:06 of 2nd period - Sean Monahan wins face-off versus Barrett Hayton in Quebec Nordiques zone.
8:33 of 2nd period - Icing by Thomas Chabot.
8:34 of 2nd period - Marco Rossi wins face-off versus Jordan Staal in Vegas Golden Knights zone.
8:35 of 2nd period - Slapshot by Cole Perfetti.
8:35 of 2nd period - Shot Blocked by Roman Josi.
8:41 of 2nd period - Wrist shot by Reilly Smith.
8:41 of 2nd period - Stopped by John Gibson with a rebound.
8:43 of 2nd period - Snap shot by Conor Sheary.
8:43 of 2nd period - Shot Misses the Net.
8:45 of 2nd period - Slapshot by Roman Josi.
8:45 of 2nd period - Stopped by John Gibson with a rebound.
8:47 of 2nd period - Snap shot by Jordan Staal.
8:47 of 2nd period - Stopped by John Gibson without a rebound.
8:48 of 2nd period - Shane Pinto wins face-off versus Sean Monahan in Quebec Nordiques zone.
8:48 of 2nd period - Shane Pinto is hit by Tyler Toffoli.
8:54 of 2nd period - Snap shot by Tyler Toffoli.
8:54 of 2nd period - Stopped by John Gibson with a rebound.
8:56 of 2nd period - Snap shot by Sean Monahan.
8:56 of 2nd period - Shot Blocked by Evander Kane.
8:58 of 2nd period - Slapshot by Sean Monahan.
8:58 of 2nd period - Shot Misses the Net.
9:23 of 2nd period - Slapshot by Reilly Smith.
9:23 of 2nd period - Stopped by John Gibson with a rebound.
9:38 of 2nd period - Danton Heinen is hit by Marc Staal and loses puck.
9:43 of 2nd period - Snap shot by Barrett Hayton.
9:43 of 2nd period - Shot Misses the Net.
10:27 of 2nd period - Slapshot by Reilly Smith.
10:27 of 2nd period - Shot Misses the Net.
10:39 of 2nd period - Slapshot by Evander Kane.
10:39 of 2nd period - Shot Blocked by Ryan Graves.
10:45 of 2nd period - Slapshot by Roman Josi.
10:45 of 2nd period - Goal by Roman Josi - Quebec Nordiques : 2 - Vegas Golden Knights : 3.
10:46 of 2nd period - Marco Rossi wins face-off versus Tyler Bertuzzi in neutral zone.
11:55 of 2nd period - Slapshot by Kirby Dach.
11:55 of 2nd period - Shot Misses the Net.
11:57 of 2nd period - Wrist shot by Barrett Hayton.
11:57 of 2nd period - Shot Misses the Net.
12:09 of 2nd period - Jonas Siegenthaler is hit by Tyler Toffoli and loses puck.
12:32 of 2nd period - Snap shot by Roman Josi.
12:32 of 2nd period - Stopped by John Gibson without a rebound.
12:33 of 2nd period - Anthony Duclair wins face-off versus Sean Couturier in Quebec Nordiques zone.
13:03 of 2nd period - Thomas Chabot is hit by Cole Perfetti and loses puck.
14:23 of 2nd period - Snap shot by Trevor Zegras.
14:23 of 2nd period - Deflect By Cole Perfetti.
14:23 of 2nd period - Shot Blocked by Curtis Lazar.
14:23 of 2nd period - Puck is out of play.
14:24 of 2nd period - Sean Couturier wins face-off versus Shane Pinto in Vegas Golden Knights zone.
14:33 of 2nd period - Slapshot by Sean Couturier.
14:33 of 2nd period - Shot Misses the Net.
14:35 of 2nd period - Wrist shot by Cody Glass.
14:35 of 2nd period - Stopped by John Gibson with a rebound.
14:37 of 2nd period - Snap shot by Sean Couturier.
14:37 of 2nd period - Stopped by John Gibson with a rebound.
14:39 of 2nd period - Snap shot by Sean Couturier.
14:39 of 2nd period - Goal by Sean Couturier - Quebec Nordiques : 2 - Vegas Golden Knights : 4.
14:40 of 2nd period - Jordan Staal wins face-off versus Marco Rossi in neutral zone.
14:46 of 2nd period - Off-side.
14:47 of 2nd period - Marco Rossi wins face-off versus Jordan Staal in neutral zone.
15:20 of 2nd period - Snap shot by Sean Monahan.
15:20 of 2nd period - Stopped by John Gibson without a rebound.
15:21 of 2nd period - Sean Monahan wins face-off versus Cole Perfetti in Quebec Nordiques zone.
15:42 of 2nd period - Justin Holl is hit by Tyler Bertuzzi and loses puck.
16:15 of 2nd period - Marco Rossi is hit by Sean Monahan.
16:25 of 2nd period - Wrist shot by Marco Rossi.
16:25 of 2nd period - Stopped by Cayden Primeau with a rebound.
16:29 of 2nd period - Snap shot by Cole Perfetti.
16:29 of 2nd period - Deflect By Trevor Zegras.
16:29 of 2nd period - Stopped by Cayden Primeau with a rebound.
16:31 of 2nd period - Slapshot by Justin Holl.
16:31 of 2nd period - Stopped by Cayden Primeau without a rebound.
16:32 of 2nd period - Anthony Duclair wins face-off versus Sean Couturier in Vegas Golden Knights zone.
16:43 of 2nd period - Wrist shot by Sean Couturier.
16:43 of 2nd period - Stopped by John Gibson without a rebound.
16:44 of 2nd period - Conor Sheary wins face-off versus Shane Pinto in Quebec Nordiques zone.
16:57 of 2nd period - Snap shot by Shane Pinto.
16:57 of 2nd period - Shot Blocked by Jordan Staal.
17:11 of 2nd period - Eetu Luostarinen is hit by Danton Heinen and loses puck.
19:13 of 2nd period - Snap shot by Sean Couturier.
19:13 of 2nd period - Shot Misses the Net.
19:16 of 2nd period - Icing by Kirby Dach.
19:17 of 2nd period - Jordan Staal wins face-off versus Barrett Hayton in Quebec Nordiques zone.
19:20 of 2nd period - Wrist shot by Conor Sheary.
19:20 of 2nd period - Stopped by John Gibson without a rebound.
19:21 of 2nd period - Jordan Staal wins face-off versus Shane Pinto in Quebec Nordiques zone.
19:22 of 2nd period - Slapshot by Roman Josi.
19:22 of 2nd period - Shot Misses the Net.
19:48 of 2nd period - Roman Josi is hit by J.J. Moser and loses puck.
Goals for this period are 0 for Quebec Nordiques vs 2 for Vegas Golden Knights.
Shots for this period are 5 for Quebec Nordiques vs 18 for Vegas Golden Knights.
3rd period
0:01 of 3rd period - Jordan Staal wins face-off versus Shane Pinto in neutral zone.
0:47 of 3rd period - Snap shot by Roman Josi.
0:47 of 3rd period - Shot Blocked by Justin Holl.
0:53 of 3rd period - Marc Staal is hit by Trevor Lewis and loses puck.
1:16 of 3rd period - Slapshot by Roman Josi.
1:16 of 3rd period - Shot Blocked by Jordan Greenway.
1:26 of 3rd period - Sean Couturier is hit by Ryan Poehling and loses puck.
1:57 of 3rd period - Reilly Smith is hit by Trevor Zegras and loses puck.
2:35 of 3rd period - Kirby Dach is hit by Marc-Edouard Vlasic and loses puck.
3:19 of 3rd period - Snap shot by Sean Couturier.
3:19 of 3rd period - Shot Misses the Net.
3:21 of 3rd period - Slapshot by John Marino.
3:21 of 3rd period - Shot Misses the Net.
3:31 of 3rd period - Snap shot by Thomas Chabot.
3:31 of 3rd period - Stopped by John Gibson with a rebound.
3:45 of 3rd period - Wrist shot by Ryan Poehling.
3:45 of 3rd period - Shot Misses the Net.
3:47 of 3rd period - Slapshot by Marc Staal.
3:47 of 3rd period - Deflect By Ryan Poehling.
3:47 of 3rd period - Stopped by Cayden Primeau with a rebound.
3:49 of 3rd period - Snap shot by Jordan Greenway.
3:49 of 3rd period - Shot Misses the Net.
3:51 of 3rd period - Slapshot by Justin Holl.
3:51 of 3rd period - Stopped by Cayden Primeau with a rebound.
3:53 of 3rd period - Slapshot by Justin Holl.
3:53 of 3rd period - Shot Blocked by Trevor Lewis.
4:07 of 3rd period - Slapshot by Ryan Poehling.
4:07 of 3rd period - Shot Hit the Post.
4:09 of 3rd period - Snap shot by Jordan Greenway.
4:09 of 3rd period - Stopped by Cayden Primeau without a rebound.
4:10 of 3rd period - Sean Monahan wins face-off versus Marco Rossi in Vegas Golden Knights zone.
4:10 of 3rd period - Sean Monahan is hit by Trevor Zegras.
4:16 of 3rd period - Jonas Siegenthaler is hit by Travis Hamonic and loses puck.
4:25 of 3rd period - Snap shot by Tyler Toffoli.
4:25 of 3rd period - Stopped by John Gibson without a rebound.
4:26 of 3rd period - Sean Couturier wins face-off versus Shane Pinto in Quebec Nordiques zone.
4:51 of 3rd period - Cole Perfetti is hit by Roman Josi and loses puck.
5:22 of 3rd period - Reilly Smith is hit by Kirby Dach and loses puck.
5:37 of 3rd period - Slapshot by Thomas Chabot.
5:37 of 3rd period - Goal by Thomas Chabot - Quebec Nordiques : 2 - Vegas Golden Knights : 5.
5:38 of 3rd period - Sean Monahan wins face-off versus Marco Rossi in neutral zone.
5:41 of 3rd period - Wrist shot by Tyler Bertuzzi.
5:41 of 3rd period - Shot Misses the Net.
5:43 of 3rd period - Slapshot by Tyler Toffoli.
5:43 of 3rd period - Stopped by John Gibson with a rebound.
5:45 of 3rd period - Slapshot by Marc-Edouard Vlasic.
5:45 of 3rd period - Shot Misses the Net.
6:03 of 3rd period - Sean Couturier is hit by Shane Pinto and loses puck.
6:30 of 3rd period - Snap shot by Kirby Dach.
6:30 of 3rd period - Shot Misses the Net.
6:32 of 3rd period - Slapshot by J.J. Moser.
6:32 of 3rd period - Shot Blocked by Conor Sheary.
6:34 of 3rd period - Slapshot by J.J. Moser.
6:34 of 3rd period - Shot Blocked by John Marino.
6:46 of 3rd period - Slapshot by Travis Hamonic.
6:46 of 3rd period - Shot Blocked by Jordan Greenway.
7:06 of 3rd period - Snap shot by Sean Monahan.
7:06 of 3rd period - Stopped by John Gibson with a rebound.
7:11 of 3rd period - Off-side.
7:12 of 3rd period - Sean Couturier wins face-off versus Shane Pinto in neutral zone.
7:17 of 3rd period - Slapshot by Thomas Chabot.
7:17 of 3rd period - Stopped by John Gibson with a rebound.
7:19 of 3rd period - Wrist shot by Sean Couturier.
7:19 of 3rd period - Stopped by John Gibson with a rebound.
7:21 of 3rd period - Slapshot by Marc-Edouard Vlasic.
7:21 of 3rd period - Stopped by John Gibson with a rebound.
7:23 of 3rd period - Slapshot by Marc-Edouard Vlasic.
7:23 of 3rd period - Stopped by John Gibson without a rebound.
7:24 of 3rd period - Sean Monahan wins face-off versus Marco Rossi in Quebec Nordiques zone.
8:35 of 3rd period - Snap shot by Reilly Smith.
8:35 of 3rd period - Deflect By Jordan Staal.
8:35 of 3rd period - Stopped by John Gibson with a rebound.
8:51 of 3rd period - Marc Staal is hit by Cody Glass and loses puck.
9:12 of 3rd period - Marc-Edouard Vlasic is hit by Evander Kane and loses puck.
9:19 of 3rd period - Slapshot by Anthony Duclair.
9:19 of 3rd period - Stopped by Cayden Primeau with a rebound.
9:21 of 3rd period - Snap shot by Shane Pinto.
9:21 of 3rd period - Stopped by Cayden Primeau with a rebound.
9:23 of 3rd period - Slapshot by Shane Pinto.
9:23 of 3rd period - Shot Misses the Net.
9:33 of 3rd period - J.J. Moser is hit by Marc-Edouard Vlasic and loses puck.
9:40 of 3rd period - Reilly Smith is hit by Eetu Luostarinen and loses puck.
9:59 of 3rd period - Snap shot by Sean Couturier.
9:59 of 3rd period - Shot Misses the Net.
10:25 of 3rd period - Slapshot by Marc-Edouard Vlasic.
10:25 of 3rd period - Shot Misses the Net.
10:27 of 3rd period - Slapshot by Thomas Chabot.
10:27 of 3rd period - Deflect By Trevor Lewis.
10:27 of 3rd period - Stopped by John Gibson with a rebound.
11:26 of 3rd period - Off-side.
11:27 of 3rd period - Jordan Staal wins face-off versus Anthony Duclair in neutral zone.
11:38 of 3rd period - Wrist shot by Reilly Smith.
11:38 of 3rd period - Shot Blocked by Marc Staal.
12:04 of 3rd period - Trevor Zegras is hit by Cody Glass and loses puck.
13:06 of 3rd period - Snap shot by Shane Pinto.
13:06 of 3rd period - Stopped by Cayden Primeau with a rebound.
13:24 of 3rd period - Wrist shot by Trevor Zegras.
13:24 of 3rd period - Stopped by Cayden Primeau with a rebound.
13:43 of 3rd period - Jonas Siegenthaler is hit by Roman Josi and loses puck.
14:09 of 3rd period - Backhand shot by Jordan Greenway.
14:09 of 3rd period - Stopped by Cayden Primeau without a rebound.
14:10 of 3rd period - Sean Couturier wins face-off versus Michael McCarron in Vegas Golden Knights zone.
14:17 of 3rd period - Ryan Poehling is hit by Sean Couturier and loses puck.
15:00 of 3rd period - Off-side.
15:01 of 3rd period - Jordan Staal wins face-off versus Marco Rossi in neutral zone.
15:29 of 3rd period - Off-side.
15:30 of 3rd period - Sean Monahan wins face-off versus Shane Pinto in neutral zone.
16:36 of 3rd period - Slapshot by Thomas Chabot.
16:36 of 3rd period - Stopped by John Gibson with a rebound.
16:39 of 3rd period - Icing by Michael Anderson.
16:40 of 3rd period - Michael McCarron wins face-off versus Pierre-edouard Bellemare in Quebec Nordiques zone.
17:03 of 3rd period - Michael Anderson is hit by Roman Josi and loses puck.
17:28 of 3rd period - Wrist shot by Pierre-edouard Bellemare.
17:28 of 3rd period - Stopped by John Gibson without a rebound.
17:29 of 3rd period - Sean Monahan wins face-off versus Shane Pinto in Quebec Nordiques zone.
17:30 of 3rd period - Wrist shot by Tyler Toffoli.
17:30 of 3rd period - Shot Misses the Net.
17:38 of 3rd period - Slapshot by Anthony Duclair.
17:38 of 3rd period - Shot Misses the Net.
18:39 of 3rd period - Tyler Toffoli is hit by Justin Holl and loses puck.
18:48 of 3rd period - Snap shot by Barrett Hayton.
18:48 of 3rd period - Stopped by Cayden Primeau without a rebound.
18:49 of 3rd period - Marco Rossi wins face-off versus Sean Couturier in Vegas Golden Knights zone.
18:53 of 3rd period - Minor Penalty to J.J. Moser for Interference.
18:54 of 3rd period - Sean Couturier wins face-off versus Michael McCarron in Quebec Nordiques zone.
18:55 of 3rd period - Backhand shot by Roman Josi.
18:55 of 3rd period - Shot Misses the Net.
18:57 of 3rd period - Wrist shot by Roman Josi.
18:57 of 3rd period - Shot Misses the Net.
19:19 of 3rd period - Juuso Valimaki is hit by Sean Monahan and loses puck.
Goals for this period are 0 for Quebec Nordiques vs 1 for Vegas Golden Knights.
Shots for this period are 9 for Quebec Nordiques vs 13 for Vegas Golden Knights.
Back to the Top